 Dungeon Crawl Stone Soup version 0.32-a0-468-g38b2580584 (webtiles) character file.

Game seed: 2876315307101280271

557270 nuthulu the Conqueror (level 26, -1/193 HPs)
             Began as a Gargoyle Fighter on Feb 24, 2024.
             Was the Champion of the Shining One.
             Killed by divine providence
             ... invoked by a daeva
              (12 damage)
             ... on level 4 of the Abyss.
             The game lasted 02:08:00 (62470 turns).

nuthulu the Conqueror (Gargoyle Fighter)           Turns: 62470, Time: 02:08:01

Health: -1/193     AC: 67    Str: 26    XL:     26   Next: 52%
Magic:  19/34      EV: 15    Int: 17    God:    the Shining One [******]
Gold:   6155       SH: 32    Dex: 20    Spells: 25/25 levels left

rFire   + + .        H - +10 morningstar "Eos" {elec, Halo rElec}
rCold   + + .        U - +5 kite shield
rNeg    + + +        G - +10 crystal plate armour of the Onion {Dex+3}
rPois   ∞            f - -2 hat of the Alchemist {rElec rPois rF+ rC+ rN+ Will+ rMut rCorr}
rElec   +            W - +2 cloak {Stlth+}
rCorr   +            I - +1 pair of gloves of Understanding {rC+ Int+3}
SInv    +            z - +2 pair of boots "Walaraob" {rElec Int+2}
Will    ++...        y - amulet of faith Stlth
                     B - +5 ring of evasion
HPRegen 0.52/turn    u - ring "Ilojos" {rF+ Int+3 Dex+4 SInv}
MPRegen 0.24/turn

%: resist mutation, faith
@: divinely shielded, flying, glowing, studying Throwing
A: sickness immunity, AC +20, big wings, negative energy resistance 1,
electricity resistance, torment resistance 1, petrification resistance, weak 1,
subdued magic 1, noise suppression
}: 3/15 runes: barnacled, silver, gossamer
a: Renounce Religion, Divine Shield, Cleansing Flame, Summon Divine Warrior,
Brand Weapon With Holy Wrath


You were on level 4 of the Abyss.
You worshipped the Shining One.
The Shining One was exalted by your worship.
You visited 9 branches of the dungeon, and saw 42 of its levels.
You visited the Abyss 1 time.
You also visited: Ice Cave.

You collected 9412 gold pieces.
You spent 3257 gold pieces at shops.

Inventory:

Hand Weapons
 r - a +0 demon whip
 H - the +10 morningstar "Eos" (weapon) {elec, Halo rElec}
   (Okawaru gifted it to you on level 1 of the Lair of Beasts)

   Halo:      It grants its wielder a halo, revealing invisible creatures and
   increasing accuracy against all within it other than the wielder.
   rElec:     It insulates you from electricity.
Armour
 f - the -2 hat of the Alchemist (worn) {rElec rPois rF+ rC+ rN+ Will+ rMut rCorr}
   (You found it on level 2 of the Depths)

   rF+:       It protects you from fire.
   rC+:       It protects you from cold.
   rElec:     It insulates you from electricity.
   rPois:     It protects you from poison rN+: It protects you from negative
   energy.
   Will+:     It increases your willpower.
   rCorr:     It protects you from acid and corrosion.
   rMut:      It protects you from mutation.
 w - the +2 helmet "Xipid" {Regen+ Stlth+}
   (You bought it in a shop on level 2 of the Orcish Mines)

   Regen+:    It increases your rate of health regeneration.
   Stlth+:    It makes you more stealthy.
 z - the +2 pair of boots "Walaraob" (worn) {rElec Int+2}
   (You found it on level 4 of the Vaults)

   Int+2:     It affects your intelligence (+2).
   rElec:     It insulates you from electricity.
 G - the +10 crystal plate armour of the Onion (worn) {Dex+3}
   (Okawaru gifted it to you on level 1 of the Lair of Beasts)

   Dex+3:     It affects your dexterity (+3).
 I - the +1 pair of gloves of Understanding (worn) {rC+ Int+3}
   (You acquired it on level 2 of the Lair of Beasts)

   Int+3:     It affects your intelligence (+3).
   rC+:       It protects you from cold.
 N - the +0 helmet of Uskayaw's Grace {rC++ MP+9 Str+3 Dex-4}
   (You acquired it on level 3 of the Lair of Beasts)

   Str+3:     It affects your strength (+3).
   Dex-4:     It affects your dexterity (-4).
   rC++:      It greatly protects you from cold.
   MP+9:      It affects your magic capacity (+9).
 U - a +5 kite shield (worn)
 W - a +2 cloak of stealth (worn)
Jewellery
 j - the ring of the Cast Vote {*Corrode rC+ Str+5 Dex+6 SInv}
   (You found it on level 5 of the Vaults)

   [ring of dexterity]

   Str+5:     It affects your strength (+5).
   Dex+6:     It affects your dexterity (+6).
   rC+:       It protects you from cold.
   SInv:      It lets you see invisible.
   *Corrode:  It may corrode you when you take damage.
 s - a ring of protection from cold
 u - the ring "Ilojos" (right hand) {rF+ Int+3 Dex+4 SInv}
   (You found it on level 8 of the Dungeon)

   [ring of see invisible]

   Int+3:     It affects your intelligence (+3).
   Dex+4:     It affects your dexterity (+4).
   rF+:       It protects you from fire.
   SInv:      It lets you see invisible.
 y - an amulet of faith (around neck)
 B - a +5 ring of evasion (left hand)
 D - an amulet of guardian spirit
 E - the ring of Gluttony {Ice Str+3}
   (You found it on level 5 of the Vaults)

   [ring of ice]

   Ice:       It enhances your ice magic.
   Str+3:     It affects your strength (+3).
   rF-:       It makes you vulnerable to fire.
   rC+:       It protects you from cold.
 F - a ring of protection from fire
 J - a ring of magical power
 M - a +4 ring of slaying
 O - an amulet of magic regeneration
 Q - a ring of resist corrosion
 S - a ring of protection from cold
 V - a +6 ring of dexterity
Wands
 v - a wand of digging (8)
Scrolls
 a - 10 scrolls of immolation
 b - 4 scrolls of revelation
 i - 11 scrolls of teleportation
 m - 5 scrolls of fear
 t - 3 scrolls of blinking
 x - 4 scrolls of poison
 C - 5 scrolls of amnesia
 K - 20 scrolls of identify
 L - 4 scrolls of enchant weapon
 T - 6 scrolls of fog
 X - 4 scrolls of vulnerability
 Z - a scroll of silence
Potions
 c - 9 potions of cancellation
 d - 3 potions of might
 e - 11 potions of lignification
 g - 6 potions of enlightenment
 h - 12 potions of curing
 k - 11 potions of brilliance
 l - 8 potions of haste
 n - 8 potions of resistance
 o - 12 potions of mutation
 p - 5 potions of attraction
 q - 6 potions of ambrosia
 A - 8 potions of invisibility
 P - 3 potions of berserk rage
 Y - 3 potions of heal wounds


   Skills:
 O Level 27 Fighting
 + Level 26.3 Maces & Flails
 - Level 23.1 Armour
 - Level 7.2 Dodging
 - Level 17.5 Shields
 + Level 15.5 Invocations


You had 25 spell levels left.
You didn't know any spells.
Your spell library contained the following spells:

 Spells                   Type           Power      Damage    Failure   Level
 Freeze                   Ice            0%         1d3       96%         1
 Kiss of Death            Conj/Necr      0%         2d5       96%         1
 Magic Dart               Conj           0%         1d3       96%         1
 Shock                    Conj/Air       0%         1d3       96%         1
 Ensorcelled Hibernation  Hex/Ice        0%         N/A       99%         2
 Lesser Beckoning         Tloc           0%         N/A       99%         2
 Mercury Vapours          Alch/Air       0%         N/A       99%         2
 Searing Ray              Conj           0%         2d4       99%         2
 Static Discharge         Conj/Air       0%         3-3/arc   99%         2
 Call Canine Familiar     Summ           0%         N/A       100%        3
 Confusing Touch          Hex            0%         N/A       100%        3
 Dazzling Flash           Conj/Hex       0%         N/A       100%        3
 Frozen Ramparts          Ice            0%         1d1       100%        3
 Fugue of the Fallen      Necr           0%         N/A       100%        3
 Gell's Gravitas          Tloc           0%         N/A       100%        3
 Hailstorm                Conj/Ice       0%         3d5       100%        3
 Mephitic Cloud           Conj/Alch/Air  0%         N/A       100%        3
 Ozocubu's Armour         Ice            0%         N/A       100%        3
 Sigil of Binding         Hex            0%         N/A       100%        3
 Summon Ice Beast         Ice/Summ       0%         N/A       100%        3
 Swiftness                Air            0%         N/A       100%        3
 Teleport Other           Tloc           0%         N/A       100%        3
 Tukima's Dance           Hex            0%         N/A       100%        3
 Airstrike                Air            0%         2d(0-16)  100%        4
 Anguish                  Hex/Necr       0%         N/A       100%        4
 Animate Dead             Necr           0%         N/A       100%        4
 Brom's Barrelling Bould  Conj/Erth      0%         2d3       100%        4
 Dimensional Bullseye     Hex/Tloc       0%         N/A       100%        4
 Dispel Undead            Necr           0%         3d6       100%        4
 Fulminant Prism          Conj/Alch      0%         3d5       100%        4
 Ignite Poison            Fire/Alch      0%         N/A       100%        4
 Iskenderun's Mystic Bla  Conj/Tloc      0%         2d3       100%        4
 Leda's Liquefaction      Alch/Erth      0%         N/A       100%        4
 Manifold Assault         Tloc           0%         N/A       100%        4
 Olgreb's Toxic Radiance  Alch           0%         N/A       100%        4
 Petrify                  Alch/Erth      0%         N/A       100%        4
 Sticky Flame             Fire/Alch      0%         2d4       100%        4
 Summon Blazeheart Golem  Fire/Summ      0%         N/A       100%        4
 Summon Lightning Spire   Summ/Air       0%         N/A       100%        4
 Vhi's Electric Charge    Tloc/Air       0%         N/A       100%        4
 Alistair's Intoxication  Alch           0%         N/A       100%        5
 Arcjolt                  Conj/Air       0%         1d10      100%        5
 Curse of Agony           Necr           0%         N/A       100%        5
 Fireball                 Conj/Fire      0%         3d3       100%        5
 Freezing Cloud           Conj/Ice/Air   0%         6-21      100%        5
 Irradiate                Conj/Alch      0%         3d11      100%        5
 Iskenderun's Battlesphe  Conj           0%         2d6       100%        5
 Metabolic Englaciation   Hex/Ice        0%         N/A       100%        5
 Silence                  Hex/Air        0%         N/A       100%        5
 Summon Forest            Summ/Tloc      0%         N/A       100%        5
 Bombard                  Conj/Erth      0%         9d1       100%        6
 Conjure Ball Lightning   Conj/Air       0%         3x3d6     100%        6
 Eringya's Noxious Bog    Alch           0%         4d6       100%        6
 Plasma Beam              Fire/Air       0%         2x1d10    100%        6
 Sculpt Simulacrum        Ice/Alch       0%         N/A       100%        6
 Haunt                    Necr/Summ      0%         N/A       100%        7
 Orb of Destruction       Conj           0%         9d5       100%        7
 Ozocubu's Refrigeration  Ice            0%         4d7       100%        7
 Spellforged Servitor     Conj/Summ      0%         N/A       100%        7
 Summon Hydra             Summ           0%         N/A       100%        7
 Borgnjor's Revivificati  Necr           0%         N/A       100%        8
 Discord                  Hex            0%         N/A       100%        8
 Disjunction              Tloc           0%         N/A       100%        8
 Ignition                 Fire           0%         3d3       100%        8
 Maxwell's Capacitive Co  Air            0%         ∞         100%        8
 Chain Lightning          Conj/Air       0%         N/A       100%        9
 Death's Door             Necr           0%         N/A       100%        9
 Cigotuvi's Dreadful Rot  Necr/Alch/Air  Unusable   N/A       N/A         2
 Sublimation of Blood     Necr           Unusable   N/A       N/A         2

Dungeon Overview and Level Annotations

Branches:
Dungeon (15/15)            Temple (1/1) D:4            Lair (4/5) D:11
 Shoals (4/4) Lair:3       Spider (4/4) Lair:2        Slime (0/5) Lair:4
    Orc (2/2) D:10            Elf (0/3) Orc:2        Vaults (5/5) D:14
  Crypt (3/3) Vaults:2       Tomb (0/3) Crypt:3      Depths (4/4) D:15
    Zot (0/5) Depths:4      IceCv (visited)

Altars:
Ashenzari
Cheibriados
Dithmenos
Elyvilon
Fedhas
Gozag
Hepliaklqana
Kikubaaqudgha
Makhleb
Nemelex Xobeh
Okawaru
Qazlal
Ru
Sif Muna
Trog
Uskayaw
Vehumet
Wu Jian
Xom
Yredelemnul
Zin
The Shining One
Beogh
Jiyva

Shops:
D:6 !   D:7 ??:[   D:8 *   Orc:2 (([(   Vaults:1 (   Vaults:3 (   Vaults:4 *
Depths:1 =:=!   Depths:2 (

Portals:
Hell: Depths:1 Depths:2 Depths:3 Depths:4
Abyss: Depths:2 Depths:3
Pandemonium: Depths:1 Depths:2 Depths:4
Ziggurat: Depths:2
Trove: D:11 (give +5 ice dragon scales)

Annotations:
D:3 2 transporters, night's ghost, weakling CoGl


Innate Abilities, Weirdness & Mutations

You are immune to sickness and miasma.
Your stone body is resilient. (AC +20)
You are immune to poison.
Your large and strong wings let you fly.
You resist negative energy. (rN+)
You are resistant to electric shocks. (rElec)
You are resistant to unholy torment.
You are immune to petrification.
You are weak. (Str -2)
Your spells are a little easier to cast, but a little less powerful.
You passively dampen the noise of your surroundings.


Message History

Lightning courses through the laughing skull!
You destroy the laughing skull!
The Shining One accepts your kill. You block the daeva's attack. x2
The raiju bursts into living lightning!
The living lightning misses you.
The raiju blinks!
The angel hits you but does no damage. You block the angel's attack.
Unknown command.
You pound the angel like an anvil!!!
The angel is moderately wounded.
The starcursed mass shrieks in your mind.
* * * LOW HITPOINT WARNING * * *
You block the daeva's attack. x2; You block the angel's attack.
The angel hits you but does no damage. The raiju bites you.
* * * LOW HITPOINT WARNING * * *
The raiju shocks you. You resist.
* * * LOW HITPOINT WARNING * * *
Unknown command.
Press: ? - help, v - describe, . - travel
Here: an angel, wielding a +1 sacred scourge of holy wrath and wearing a +0 robe (moderately wounded, haloed)
The floor.
Activating: Cleansing Flame (1% risk of failure)
Press: ? - help, Dir - look around, f - activate The golden flame engulfs you but does no damage.
The golden flame engulfs the angel.
The angel completely resists.
The angel is moderately wounded.
The golden flame engulfs the daeva.
The daeva completely resists.
The golden flame engulfs the raiju!!!
You kill the raiju!
The golden flame engulfs the raiju.
The raiju is lightly wounded.
The golden flame engulfs the chaos spawn!
The chaos spawn writhes in agony!
The chaos spawn is heavily wounded.
You block the angel's attack. The angel hits you but does no damage.
The starcursed mass shrieks in your mind.
* * * LOW HITPOINT WARNING * * *
The daeva calls down the wrath of the Shining One upon you.
The Shining One smites you!
You die... .Xh

... . . #. #..##.
. #..##..##. #.#..
. ............. .
.. ..... .... . #.
#..##..# ..#
##..##..##..#.....
......A§.....## ..
......†@.......# #
##..##Ah##..#.##
#.#
#...X4#.....#.. .
....z###..)##. #.
. ...... .....#..
#. ....... ......
§ . #...
...3§.....#§. ##
##.. ...§...... #
.. ... ..∩..#.#
#..


You could see a starcursed mass, a daeva, an angel, a raiju, a ynoxinul, a chaos
spawn and a laughing skull.

Vanquished Creatures
  A dread lich (Abyss:4)
  Frederick (Crypt:3)
  2 ancient liches
  Sojobo (Vaults:4)
  Boris (thrice) (Vaults:3 Vaults:5 Crypt:1)
  2 caustic shrikes (Depths:1)
  A curse toe (Crypt:3)
  Margery (Vaults:4)
  Nikola (Depths:1)
  6 bone dragons
  A profane servitor (Crypt:3)
  Jory (Depths:3)
  Arachne (Spider:3)
  A hellephant (Vaults:4)
  8 tentacled monstrosities
  Asterion (D:15)
  The ghost of Plog the Tortoise, an adept AtMo of Okawaru (Vaults:4)
  4 liches
  2 deep elf blademasters
  14 titans
  An acid blob (Lair:2)
  3 deep elf master archers
  7 sphinxes
  13 tentacled starspawn
  A kraken (Shoals:4)
  Polyphemus (Shoals:4)
  10 ancient champions
  An Executioner (Abyss:4)
  The ghost of Xoff the Warrior, an adept MiFi of Qazlal (Shoals:3)
  Agnes (Spider:3)
  4 shadow dragons
  4 storm dragons
  Roxanne (Spider:4)
  11 tengu reavers
  2 draconian knights
  4 iron dragons
  6 revenants
  A deep elf sorcerer (Vaults:5)
  17 frost giants
  21 fire giants
  A draconian monk (Depths:4)
  3 emperor scorpions
  16 vault wardens
  A draconian scorcher (Abyss:3)
  A caustic shrike zombie (Abyss:3)
  An orc warlord (Vaults:4)
  A spriggan defender (Depths:4)
  A balrug (Abyss:4)
  2 draconian annihilators
  9 ghouls
  3 cacodemons
  3 curse skulls
  4 reapers
  An angel (Abyss:3)
  7 ghost moths
  16 ironbound preservers
  4 broodmothers
  5 formless jellyfish
  A caustic shrike skeleton (Abyss:3)
  27 stone giants
  35 very ugly things
  9 vampire knights
  7 deep elf death magi
  2 ironbound thunderhulks
  3 purple draconians
  2 green draconians (Crypt:3)
  4 yellow draconians
  2 red draconians (Depths:4)
  2 black draconians
  10 spark wasps
  A deep elf annihilator (Vaults:5)
  5 war gargoyles
  2 white draconians
  A deep elf demonologist (Crypt:3)
  14 dire elephants
  3 crystal guardians
  3 fire dragons
  3 merfolk javelineers
  2 green deaths
  10 eidola
  2 blizzard demons
  8 jiangshi
  6 merfolk impalers (Shoals:4)
  15 yaktaur captains
  14 ettins
  10 entropy weavers
  2 deep elf high priests
  6 great orbs of eyes
  6 rakshasas
  7 ice dragons
  2 jorogumos
  4 spriggan air magi
  4 hydras
  2 spriggan zombies
  The ghost of yadon the Cleaver, a journeyman DsGl of Okawaru (Lair:2)
  9 boulder beetles
  3 peacekeepers
  4 radroaches
  37 vault guards
  2 catoblepae
  4 merfolk avatars
  4 ironbound frosthearts
  An ogre mage (Vaults:4)
  A bennu zombie (Crypt:3)
  5 merfolk aquamancers (Shoals:4)
  3 alligator snapping turtles
  3 spriggan skeletons
  15 centaur warriors
  A death knight (Crypt:3)
  A satyr (Shoals:3)
  7 two-headed ogres
  A bennu skeleton (Crypt:3)
  7 deep troll shamans
  A fenstrider witch skeleton (Crypt:1)
  11 tengu warriors
  9 demonic crawlers
  2 naga warriors
  5 orc high priests
  6 vampire magi
  2 occultists
  A titan zombie (Abyss:3)
  7 sun demons
  12 deep troll earth magi
  18 thrashing horrors
  A soul eater (Depths:4)
  6 hell knights
  A spriggan berserker (Depths:4)
  12 wretched stars
  7 skysharks
  7 iron trolls
  5 deep elf knights
  A salamander mystic (Depths:4)
  17 skeletal warriors
  4 pharaoh ants
  A spatial maelstrom (Abyss:4)
  2 sixfirhies
  15 shadow wraiths
  2 shadow demons (Abyss:3)
  A storm dragon skeleton (Crypt:1)
  A shining eye (shapeshifter) (Vaults:5)
  A goliath frog (Shoals:1)
  43 deep trolls
  A mana viper (Abyss:3)
  7 glowing orange brains
  13 orb spiders
  A golden dragon zombie (Crypt:3)
  8 flayed ghosts
  13 sea snakes
  An orange crystal statue (Depths:2)
  3 sun moths
  A bunyip skeleton (Crypt:1)
  4 deep elf archers
  10 necromancers
  16 phantasmal warriors
  2 bog bodies
  10 lindwurms
  17 ironbound convokers
  5 orc knights (Orc:2)
  A sea snake (shapeshifter) (Vaults:5)
  A golden dragon skeleton (Abyss:3)
  15 harpies
  48 ugly things
  5 arcanists
  9 steelbarb worms
  A death drake (shapeshifter) (Vaults:5)
  An oklob plant (Spider:1)
  5 orc sorcerers (Orc:2)
  A shining eye (Depths:2)
  7 deep elf pyromancers
  2 deep elf zephyrmancers
  8 fauns
  3 moths of wrath
  25 wolf spiders
  3 worldbinders
  3 salamanders
  5 cyclopes
  5 elephants
  A mana viper (shapeshifter) (Vaults:5)
  A moth of wrath (shapeshifter) (Vaults:4)
  A cyclops (shapeshifter) (Vaults:4)
  A frost giant skeleton (Crypt:3)
  17 manticores
  10 kobold blastminers
  9 merfolk sirens
  7 meliai
  A fire giant skeleton (Vaults:1)
  4 apocalypse crabs (Abyss:3)
  14 vault sentinels
  An orc zombie (Crypt:1)
  A black mamba (Lair:4)
  A black mamba (shapeshifter) (Vaults:4)
  3 guardian serpents
  2 ice statues
  A water nymph (shapeshifter) (Vaults:5)
  3 naga magi
  An elephant slug zombie (Crypt:1)
  2 torpor snails (shapeshifter)
  2 eyes of devastation (shapeshifter)
  2 rust devils
  13 cane toads
  7 torpor snails
  7 smoke demons
  4 water nymphs
  44 large abominations
  5 orange demons
  4 efreet
  2 hellions (Depths:2)
  A human zombie (Vaults:1)
  8 rime drakes
  A rime drake (shapeshifter) (Abyss:3)
  2 unseen horrors (shapeshifter)
  24 yaktaurs
  4 komodo dragons
  10 unseen horrors
  Jeremiah (D:6)
  4 kobold demonologists
  A tormentor (Depths:4)
  11 freezing wraiths
  2 tengu conjurers
  16 ice devils (IceCv)
  5 ancient zymes (Abyss:3)
  2 harpy zombies (Crypt:1)
  12 merfolk
  9 wind drakes
  A wolf spider simulacrum (D:13)
  4 hellwings (Abyss:3)
  6 trolls
  2 polar bears
  A polar bear (shapeshifter) (D:15)
  31 tarantellas
  2 glass eyes
  12 hornets
  18 blink frogs
  12 dream sheep
  42 raiju
  An ettin zombie (Abyss:3)
  3 harpy skeletons
  14 snapping turtles
  A blink frog (shapeshifter) (Vaults:4)
  Sigmund (D:6)
  54 slime creatures
  18 culicivoras
  11 ynoxinuls
  36 jumping spiders
  5 spriggans
  4 vampires
  12 wraiths
  14 water elementals
  A culicivora (shapeshifter) (D:15)
  A shadow (D:11)
  2 fire elementals (D:15)
  57 yaks
  A wyvern (shapeshifter) (D:14)
  4 dire elephant simulacra (IceCv)
  2 basilisks
  5 wargs
  4 death yak simulacra (IceCv)
  2 fire bats (Abyss:3)
  53 redbacks
  4 wyverns
  Grum (D:11)
  A steam dragon (D:9)
  9 neqoxecs
  A warg (shapeshifter) (Vaults:4)
  Edmund (D:4)
  17 vampire mosquitoes
  A glowing shapeshifter zombie (Vaults:1)
  2 spatial vortices
  A harpy simulacrum (IceCv)
  11 chaos spawn
  A naga (Abyss:3)
  11 acid dragons
  A hydra simulacrum (IceCv)
  6 water moccasins
  An entropy weaver zombie (Crypt:3)
  8 hell hounds (Abyss:3)
  A black bear (shapeshifter) (D:13)
  24 orc warriors
  5 ice beasts
  A cane toad skeleton (Crypt:1)
  An ettin simulacrum (Abyss:3)
  An ice beast (shapeshifter) (Abyss:3)
  27 laughing skulls
  6 ogres
  5 black bears
  A sky beast (D:6)
  4 wolves
  A boggart (Lair:2)
  A blink frog skeleton (Crypt:1)
  A manticore skeleton (Crypt:3)
  A phantom (D:7)
  11 centaurs
  8 weeping skulls
  A vine stalker zombie (Crypt:3)
  4 kobold brigands
  A cyclops zombie (Crypt:3)
  A brain worm (Abyss:3)
  13 small abominations
  A two-headed ogre simulacrum (IceCv)
  5 bullfrogs
  2 cane toad simulacra (IceCv)
  4 earth elementals
  13 wights
  An orc simulacrum (Vaults:1)
  A killer bee (shapeshifter) (D:15)
  5 elephant simulacra (IceCv)
  9 killer bees
  A howler monkey (D:7)
  An electric eel (D:15)
  4 lava snakes (D:15)
  2 bombardier beetles
  A crimson imp (Abyss:3)
  3 quasits (Abyss:3)
  2 gnoll boudas (D:9)
  3 hounds
  3 jellies
  25 orc priests
  102 starcursed masses
  3 iron imps (Abyss:3)
  3 iguanas
  A scrub nettle (Lair:3)
  2 sleepcaps (D:5)
  30 orc wizards
  6 hell rats (Lair:3)
  6 polar bear simulacra (IceCv)
  2 spriggan simulacra
  3 wolf simulacra (IceCv)
  An ogre skeleton (Crypt:3)
  10 gnolls
  A howler monkey skeleton (Crypt:1)
  5 adders
  3 naga simulacra
  5 white imps
  7 ufetubi
  A ribbon worm (shapeshifter) (Vaults:4)
  4 dart slugs
  7 ribbon worms
  75 orcs
  5 ball pythons
  14 endoplasms
  6 giant cockroaches
  5 goblins
  8 hobgoblins
  5 jackals (D:4)
  14 kobolds
  8 quokkas
  5 bats
  3 frilled lizards
  A quokka zombie (Crypt:1)
  3 rats
  A rat skeleton (Crypt:1)
  4 lurking horrors
  2 starspawn tentacles (Abyss:3)
2412 creatures vanquished.

Vanquished Creatures (others)
  A titan (Crypt:3)
  A deep elf master archer (Crypt:3)
  A fire giant (Crypt:1)
  A radroach (Spider:4)
  A deep elf knight (Crypt:1)
  A deep elf zephyrmancer (Crypt:3)
  A deep elf pyromancer (Crypt:3)
  2 wolf spiders
  A yaktaur (Vaults:2)
  A tengu conjurer (Depths:2)
  A starcursed mass (Abyss:3)
  2 raiju (Abyss:3)
  A culicivora (Spider:4)
  A water elemental (Shoals:4)
  A chaos spawn (Depths:3)
  A naga (Abyss:4)
  A centaur (D:13)
  A brain worm (Abyss:3)
  2 small abominations
  An ufetubus (Abyss:4)
  A kobold (Abyss:3)
  A lurking horror (Abyss:3)
  26 starspawn tentacles
  7 tentacles (Shoals:4)
58 creatures vanquished.

Grand Total: 2470 creatures vanquished

Notes
Turn   | Place    | Note
-------+----------+-------------------------------------------
     0 | D:1      | nuthulu the Gargoyle Fighter began the quest for the Orb.
     0 | D:1      | Reached XP level 1. HP: 14/14 MP: 1/1
   164 | D:1      | Reached XP level 2. HP: 19/19 MP: 2/2
   563 | D:1      | Reached XP level 3. HP: 23/24 MP: 3/3
  1038 | D:2      | Reached skill level 4 in Fighting
  1401 | D:2      | Reached XP level 4. HP: 26/29 MP: 4/4
  1629 | D:3      | Noticed night's ghost (weakling CoGl)
  1638 | D:3      | Found a transporter.
  1700 | D:3      | Found a transporter.
  2067 | D:3      | Found an ancient bone altar of Kikubaaqudgha.
  2098 | D:3      | Found a shimmering blue altar of Sif Muna.
  2169 | D:3      | Found a faded altar of an unknown god.
  2442 | D:4      | Reached XP level 5. HP: 34/34 MP: 5/5
  2467 | D:4      | Identified the +0 leather armour of the Stag {Regen+ Str+3
                  | Dex-5}
  2491 | D:4      | Noticed Edmund
  2500 | D:4      | Killed Edmund
  2501 | D:4      | Reached skill level 5 in Fighting
  2501 | D:4      | Reached XP level 6. HP: 14/40 MP: 6/6
  2782 | D:4      | Noticed an ice beast
  2790 | D:4      | Killed an ice beast
  2804 | D:4      | Noticed a black bear
  2817 | D:4      | Killed a black bear
  2818 | D:4      | Reached skill level 6 in Fighting
  2818 | D:4      | Reached skill level 5 in Maces & Flails
  2889 | D:4      | Reached XP level 7. HP: 46/46 MP: 7/7
  3152 | D:4      | Found a shadowy altar of Dithmenos.
  3622 | D:4      | Found a sparkling altar of Nemelex Xobeh.
  3817 | D:4      | Found a staircase to the Ecumenical Temple.
  3831 | Temple   | Entered the Ecumenical Temple
  3867 | Temple   | Became a worshipper of Warmaster Okawaru
  3969 | D:5      | Entered Level 5 of the Dungeon
  4165 | D:5      | Reached skill level 7 in Fighting
  4178 | D:5      | Reached * piety under Okawaru
  4182 | D:5      | Reached XP level 8. HP: 15/53 MP: 8/8
  4752 | D:6      | Found a snail-covered altar of Cheibriados.
  4853 | D:6      | Noticed Jeremiah
  4857 | D:6      | Found Tiwuejof's Distillery.
  5068 | D:6      | Noticed Sigmund
  5089 | D:6      | Killed Sigmund
  5090 | D:6      | Reached skill level 8 in Fighting
  5245 | D:6      | Bought 2 potions of haste for 200 gold pieces
  5245 | D:6      | Bought a potion of heal wounds for 50 gold pieces
  5245 | D:6      | Bought a potion of heal wounds for 50 gold pieces
  5654 | D:6      | Killed Jeremiah
  5807 | D:6      | Found a sacrificial altar of Ru.
  5881 | D:7      | Found Sengag's Book Emporium.
  5883 | D:7      | Found Beogyoc's Magic Scroll Shop.
  5900 | D:7      | Reached ** piety under Okawaru
  5901 | D:7      | Reached skill level 9 in Fighting
  5913 | D:7      | Reached XP level 9. HP: 40/60 MP: 9/9
  6040 | D:7      | Identified a scroll of acquirement
  6040 | D:7      | Acquired 1182 gold pieces
  6079 | D:7      | Bought a scroll of enchant weapon for 112 gold pieces
  6160 | D:7      | Found Saegeka's Magic Scroll Shoppe.
  6194 | D:7      | Bought a scroll of enchant armour for 82 gold pieces
  6194 | D:7      | Bought a scroll of enchant armour for 82 gold pieces
  6223 | D:7      | Bought a scroll of enchant armour for 112 gold pieces
  6312 | D:7      | Found a glowing silver altar of Zin.
  6380 | D:7      | Found a shimmering altar of Xom.
  6430 | D:7      | Reached skill level 10 in Fighting
  6832 | D:7      | Found Kyighi Picsa's Armour Shoppe.
  6841 | D:7      | Bought a +1 plate armour of willpower for 385 gold pieces
  7176 | D:8      | Reached *** piety under Okawaru
  7347 | D:8      | Identified the ring "Ilojos" {rF+ Int+3 Dex+4 SInv}
  7487 | D:8      | Found Tiulon's Assorted Antiques.
  7492 | D:8      | Bought a dented soapstone amulet for 115 gold pieces
  7828 | D:8      | Reached skill level 11 in Fighting
  8188 | D:8      | Reached XP level 10. HP: 69/69 MP: 10/10
  8208 | D:8      | Reached skill level 10 in Maces & Flails
  8484 | D:9      | Reached **** piety under Okawaru
  8887 | D:9      | Reached skill level 12 in Fighting
  9030 | D:9      | Noticed a two-headed ogre
  9051 | D:9      | Killed a two-headed ogre
  9051 | D:9      | Reached ***** piety under Okawaru
  9217 | D:9      | Found a bloodstained altar of Trog.
  9382 | D:9      | Reached XP level 11. HP: 53/77 MP: 11/11
  9384 | D:9      | Reached skill level 13 in Fighting
  9646 | D:10     | Entered Level 10 of the Dungeon
  9763 | D:10     | Noticed a two-headed ogre
  9776 | D:10     | Killed a two-headed ogre
  9978 | D:10     | Received a gift from Okawaru
 10310 | D:10     | Noticed a two-headed ogre
 10328 | D:10     | Killed a two-headed ogre
 10329 | D:10     | Reached skill level 1 in Invocations
 10481 | D:10     | Found a staircase to the Orcish Mines.
 10647 | D:10     | Received a gift from Okawaru
 10825 | D:10     | Found a stormy altar of Qazlal.
 11133 | D:11     | Noticed a boulder beetle
 11163 | D:11     | Killed a boulder beetle
 11164 | D:11     | Reached skill level 14 in Fighting
 11455 | D:11     | Noticed Grum
 11456 | D:11     | Noticed a white ugly thing
 11482 | D:11     | Killed a white ugly thing
 11486 | D:11     | HP: 1/80 [Grum/-2 glaive (19)]
 11488 | D:11     | Killed Grum
 11490 | D:11     | Received a gift from Okawaru
 12031 | D:11     | Found a staircase to the Lair.
 12116 | D:11     | Found a portal to a secret trove of treasure.
 12162 | D:11     | Reached skill level 5 in Invocations
 12162 | D:11     | Reached XP level 12. HP: 76/86 MP: 15/15
 12265 | D:11     | Noticed a two-headed ogre
 12278 | D:11     | Killed a two-headed ogre
 12539 | Lair:1   | Entered Level 1 of the Lair of Beasts
 12987 | Lair:1   | Reached ****** piety under Okawaru
 12992 | Lair:1   | Acquired the +10 crystal plate armour of the Onion {Dex+3}
 12992 | Lair:1   | Received a gift from Okawaru
 13006 | Lair:1   | Acquired the +10 morningstar "Eos" {elec, Halo rElec}
 13006 | Lair:1   | Received a gift from Okawaru
 13006 | Lair:1   | Found the +10 morningstar "Eos" {elec, Halo rElec}
 13067 | Lair:1   | Received a gift from Okawaru
 13339 | Lair:2   | Found a hole to the Spider Nest.
 13355 | Lair:1   | HP: 4/86 [meliai/divine providence (16)]
 13364 | Lair:1   | HP: 1/86 [meliai/divine providence (16)]
 13366 | Lair:1   | Reached skill level 15 in Fighting
 14242 | Lair:2   | Received a gift from Okawaru
 14474 | Lair:2   | Reached skill level 15 in Maces & Flails
 14474 | Lair:2   | Reached XP level 13. HP: 85/92 MP: 18/18
 14622 | Lair:2   | Received a gift from Okawaru
 14903 | Lair:2   | Found a runed translucent door.
 14906 | Lair:2   | Noticed yadon's ghost (journeyman DsGl)
 14907 | Lair:2   | Identified the +6 trident of Mayhem {distort, Will+ Dex+6}
 15135 | Lair:2   | Killed yadon's ghost
 15161 | Lair:2   | Acquired the +1 pair of gloves of Understanding {rC+ Int+3}
 15359 | Lair:2   | Received a gift from Okawaru
 15448 | Lair:3   | Reached skill level 5 in Armour
 15448 | Lair:3   | Reached skill level 5 in Shields
 15856 | Lair:3   | Acquired the +0 helmet of Uskayaw's Grace {rC++ MP+9 Str+3
                  | Dex-4}
 16061 | Lair:3   | Received a gift from Okawaru
 16337 | Lair:3   | Found a staircase to the Shoals.
 16899 | Lair:4   | Received a gift from Okawaru
 17010 | Lair:4   | Gained mutation: Your large and strong wings let you fly.
                  | [Gargoyle growth]
 17010 | Lair:4   | Reached XP level 14. HP: 54/98 MP: 19/19
 17299 | Lair:4   | Found a viscous altar of Jiyva.
 17299 | Lair:4   | Found a staircase to the Slime Pits.
 17722 | D:12     | Received a gift from Okawaru
 18482 | D:13     | Received a gift from Okawaru
 18641 | D:13     | Found a frozen archway.
 18650 | IceCv    | Entered an ice cave
 18710 | IceCv    | Reached skill level 10 in Armour
 18710 | IceCv    | Reached skill level 10 in Shields
 18752 | IceCv    | Found an ancient bone altar of Kikubaaqudgha.
 18783 | IceCv    | Received a gift from Okawaru
 19123 | IceCv    | Got the Compendium of the Morbid Glacier
 19329 | D:13     | Received a gift from Okawaru
 19804 | D:14     | Reached XP level 15. HP: 83/103 MP: 20/20
 19921 | D:14     | Received a gift from Okawaru
 20329 | D:14     | Received a gift from Okawaru
 20581 | D:14     | Found a gate to the Vaults.
 20775 | D:15     | Entered Level 15 of the Dungeon
 20792 | D:15     | Found an ornate altar of the Wu Jian Council.
 21006 | D:15     | Received a gift from Okawaru
 21778 | D:15     | Found a staircase to the Depths.
 22092 | Spider:1 | Entered Level 1 of the Spider Nest
 22097 | Spider:1 | Received a gift from Okawaru
 22437 | Spider:1 | Reached XP level 16. HP: 76/108 MP: 21/21
 22491 | Spider:1 | Received a gift from Okawaru
 22710 | Spider:1 | Noticed an acid blob
 22805 | Lair:2   | Killed an acid blob
 22959 | Spider:1 | Got Pydiegim's Cyclopedia of Electricity
 23335 | Spider:1 | Received a gift from Okawaru
 23350 | Spider:1 | Found the +7 captain's cutlass {speed, disarm}
 23383 | Spider:1 | Reached skill level 15 in Armour
 23383 | Spider:1 | Reached skill level 15 in Shields
 23867 | Orc:1    | Entered Level 1 of the Orcish Mines
 24361 | Orc:1    | You are sucked into a shaft and drop 1 floor!
 24361 | Orc:2    | Entered Level 2 of the Orcish Mines
 24361 | Orc:2    | Found a staircase to the Elven Halls.
 24372 | Orc:2    | Received a gift from Okawaru
 24623 | Orc:1    | Found a roughly hewn altar of Beogh.
 25779 | Orc:2    | Found Gietij's Antique Weapon Shoppe.
 25818 | Orc:2    | Paralysed by an orc sorcerer for 2 turns
 26041 | Orc:2    | Found Vaduag's Antique Armour Shoppe.
 26068 | Orc:2    | Found Rugyu's Weapon Boutique.
 26070 | Orc:2    | Found Haedoel's Antique Weapon Boutique.
 26150 | Orc:2    | Bought a brightly glowing helmet for 228 gold pieces
 26150 | Orc:2    | Identified the +2 helmet "Xipid" {Regen+ Stlth+} (You
                  | bought it in a shop on level 2 of the Orcish Mines)
 26340 | Shoals:1 | Entered Level 1 of the Shoals
 26362 | Shoals:1 | Received a gift from Okawaru
 26715 | Shoals:1 | Reached XP level 17. HP: 93/113 MP: 22/22
 26943 | Shoals:1 | Received a gift from Okawaru
 27586 | Shoals:2 | Received a gift from Okawaru
 28420 | Shoals:3 | Reached skill level 1 in Dodging
 28663 | Shoals:3 | Found a runed translucent door.
 28665 | Shoals:3 | Noticed Xoff's ghost (adept MiFi)
 28707 | Shoals:3 | Killed Xoff's ghost
 28719 | Shoals:3 | Received a gift from Okawaru
 28959 | Shoals:4 | Entered Level 4 of the Shoals
 29416 | Shoals:4 | Received a gift from Okawaru
 29766 | Shoals:4 | Noticed a kraken
 29806 | Shoals:4 | Killed a kraken
 29806 | Shoals:4 | Received a gift from Okawaru
 29823 | Shoals:4 | Got a barnacled rune of Zot
 29926 | Shoals:4 | Reached skill level 5 in Dodging
 29926 | Shoals:4 | Reached XP level 18. HP: 105/119 MP: 23/23
 30067 | Shoals:4 | Noticed Polyphemus
 30082 | Shoals:4 | Killed Polyphemus
 30562 | Spider:2 | Received a gift from Okawaru
 31229 | Spider:2 | Received a gift from Okawaru
 31378 | Spider:3 | Identified the +3 trident of Midnight {speed, Will+ Str+3}
 31542 | Spider:3 | Noticed Agnes
 31559 | Spider:3 | Killed Agnes
 32037 | Spider:3 | Noticed Arachne
 32055 | Spider:3 | Killed Arachne
 32055 | Spider:3 | Received a gift from Okawaru
 32599 | Spider:4 | Entered Level 4 of the Spider Nest
 32925 | Spider:3 | Reached skill level 16 in Fighting
 32988 | Spider:4 | Received a gift from Okawaru
 33167 | Spider:4 | Noticed Roxanne
 33271 | Spider:4 | Killed Roxanne
 33272 | Spider:4 | Reached XP level 19. HP: 125/125 MP: 24/24
 33738 | Spider:4 | Received a gift from Okawaru
 33780 | Spider:4 | Found the crystal ball of Wucad Mu {*channel}
 33847 | Spider:4 | Reached skill level 17 in Fighting
 34051 | Spider:4 | Got a gossamer rune of Zot
 34377 | Depths:1 | Entered Level 1 of the Depths
 34377 | Depths:1 | Noticed Asterion
 34502 | D:15     | Killed Asterion
 34726 | Depths:1 | Received a gift from Okawaru
 34829 | Depths:1 | Noticed a caustic shrike
 34857 | Depths:1 | Killed a caustic shrike
 34884 | Depths:1 | Noticed a caustic shrike
 34892 | Depths:1 | Killed a caustic shrike
 35075 | Depths:1 | Received a gift from Okawaru
 35111 | Depths:1 | Noticed Nikola
 35135 | Depths:1 | Killed Nikola
 35201 | Depths:1 | Reached skill level 18 in Fighting
 35445 | Depths:1 | Found a one-way gate leading to the halls of Pandemonium.
 35527 | Depths:1 | Found Sussepnetim's Distillery.
 35559 | Depths:1 | Bought a potion of curing for 54 gold pieces
 35559 | Depths:1 | Bought a potion of haste for 180 gold pieces
 35559 | Depths:1 | Bought a potion of might for 72 gold pieces
 35559 | Depths:1 | Bought a potion of curing for 54 gold pieces
 35578 | Depths:1 | Found a gateway to Hell.
 35687 | Depths:1 | Found Distainik's Jewellery Boutique.
 35689 | Depths:1 | Found Caqaamaj's Book Emporium.
 35690 | Depths:1 | Found Bumuir's Jewellery Boutique.
 35698 | Depths:1 | Bought a manual of Armour for 1440 gold pieces
 35759 | Depths:2 | Received a gift from Okawaru
 35901 | Depths:1 | Reached XP level 20. HP: 130/137 MP: 25/25
 36204 | Depths:2 | Identified the +8 hand axe of the Curious Wishes {flame,
                  | Stlth+}
 36251 | Depths:2 | Gained mutation: Your spells are a little easier to cast,
                  | but a little less powerful. [a shining eye]
 36338 | Depths:2 | Found a one-way gateway to a ziggurat.
 36475 | Depths:2 | Found a one-way gate to the infinite horrors of the Abyss.
 36534 | Depths:2 | Received a gift from Okawaru
 36654 | Depths:2 | Found the -2 hat of the Alchemist {rElec rPois rF+ rC+ rN+
                  | Will+ rMut rCorr}
 36695 | Depths:2 | Identified the +1 troll leather armour of Itoitz {rF+
                  | Regen+ Int-3 Stlth+}
 36702 | Depths:2 | Identified the dragon-blood talisman "Faolos" {*Slow Int+4
                  | SInv Stlth+}
 36770 | Depths:2 | Identified the +2 ring mail "Kusot" {Harm ^Drain Int+5}
 36869 | Depths:2 | You are sucked into a shaft and drop 2 floors!
 36869 | Depths:4 | Entered Level 4 of the Depths
 36904 | Depths:4 | Reached skill level 19 in Fighting
 36960 | Depths:2 | Found Winam's Antique Weapon Shoppe.
 37102 | Depths:2 | Received a gift from Okawaru
 37828 | Vaults:1 | Entered Level 1 of the Vaults
 37925 | Vaults:1 | Identified the +8 chain mail "Zepsuffi" {Harm rC+ rN+}
 38282 | Vaults:1 | Received a gift from Okawaru
 38641 | Vaults:1 | Received a gift from Okawaru
 38992 | Vaults:1 | Found Muwiru's Antique Weapon Emporium.
 39397 | Vaults:2 | Reached XP level 21. HP: 116/145 MP: 26/26
 39781 | Vaults:2 | Received a gift from Okawaru
 39980 | Vaults:2 | Found a staircase to the Crypt.
 40013 | Vaults:2 | Reached skill level 20 in Fighting
 40525 | Vaults:2 | Received a gift from Okawaru
 41066 | Vaults:2 | Received a gift from Okawaru
 42120 | Vaults:3 | Received a gift from Okawaru
 42316 | Vaults:3 | Found Cimeps's Antique Weapon Boutique.
 42320 | Vaults:3 | Identified the +2 robe of Resilience {rF+ rN++ Will+ Dex-2}
 42320 | Vaults:3 | Noticed Boris
 42337 | Vaults:3 | Killed Boris
 43019 | Vaults:4 | Noticed Sojobo
 43027 | Vaults:4 | Paralysed by an air elemental for 1 turns
 43041 | Vaults:4 | Paralysed by an air elemental for 1 turns
 43047 | Vaults:4 | Killed Sojobo
 43047 | Vaults:4 | Received a gift from Okawaru
 43057 | Vaults:4 | Reached skill level 21 in Fighting
 43071 | Vaults:4 | Reached XP level 22. HP: 131/155 MP: 24/28
 43667 | Vaults:4 | Received a gift from Okawaru
 44092 | Vaults:4 | Noticed Margery
 44151 | Vaults:4 | Killed Margery
 44159 | Vaults:4 | Killed the ghostly Margery
 44569 | Vaults:4 | Found Fyadd's Assorted Antiques.
 44577 | Vaults:4 | Bought a scroll labelled MANIEBR UMIEP for 41 gold pieces
 44738 | Vaults:4 | Received a gift from Okawaru
 44769 | Vaults:4 | Reached skill level 10 in Invocations
 44869 | Vaults:4 | Found a runed translucent gate.
 44869 | Vaults:4 | Found a runed translucent gate.
 44871 | Vaults:4 | Found a runed translucent gate.
 45140 | Vaults:4 | Found a runed translucent gate.
 45140 | Vaults:4 | Found a runed translucent gate.
 45144 | Vaults:4 | Found a runed translucent gate.
 45158 | Vaults:4 | Noticed Plog's ghost (adept AtMo)
 45372 | Vaults:4 | Killed Plog's ghost
 45424 | Vaults:4 | Identified the +2 pair of boots "Walaraob" {rElec Int+2}
 46195 | Depths:3 | Received a gift from Okawaru
 46214 | Depths:3 | Identified the ring of Paranoia {rElec rPois Will+}
 46407 | Depths:3 | Reached skill level 22 in Fighting
 46902 | Depths:3 | Received a gift from Okawaru
 47048 | Depths:3 | Noticed Jory
 47067 | Depths:3 | Killed Jory
 47243 | Depths:3 | Identified the +2 flail of Wiadgh {elec, *Noise rElec rF++
                  | rN+ Will+}
 47324 | Depths:3 | Found a faded altar of an unknown god.
 47326 | Depths:3 | Found a faded altar of an unknown god.
 47327 | Depths:3 | Found a hazy altar of Hepliaklqana.
 47508 | Depths:3 | Reached XP level 23. HP: 132/163 MP: 30/30
 48009 | Depths:3 | Received a gift from Okawaru
 48761 | Depths:4 | Found a hide-covered altar of Uskayaw.
 48969 | Depths:4 | Reached skill level 23 in Fighting
 49305 | Depths:4 | Received a gift from Okawaru
 49461 | Depths:4 | Found a gate to the Realm of Zot.
 50342 | Vaults:5 | Entered Level 5 of the Vaults
 50602 | Vaults:4 | Received a gift from Okawaru
 51293 | Vaults:4 | Received a gift from Okawaru
 51920 | Vaults:5 | Reached skill level 24 in Fighting
 51947 | Vaults:5 | Identified the +3 robe "Toyt" {rC+ Str+3 Stlth-}
 51947 | Vaults:5 | Noticed Boris
 52173 | Vaults:5 | Noticed an ancient lich
 52184 | Vaults:5 | Killed an ancient lich
 52185 | Vaults:5 | Reached XP level 24. HP: 47/173 MP: 30/30
 52574 | Vaults:5 | Identified the +1 mace of the Mosquito {heavy, rPois rF+
                  | Str-3}
 52578 | Vaults:5 | Received a gift from Okawaru
 52641 | Vaults:5 | Killed Boris
 52747 | Vaults:5 | Identified the +9 flail "Eviscerator" {flame, rElec rC++}
 53042 | Vaults:5 | Gained mutation: You passively dampen the noise of your
                  | surroundings. [a shining eye]
 53352 | Vaults:5 | Received a gift from Okawaru
 53567 | Vaults:5 | Got the Omnibus of Feathers and Nonlocality
 53569 | Vaults:5 | Identified the +1 ring mail of Qionyhao {Harm rN++ Dex-4
                  | Stlth+}
 53587 | Vaults:5 | Identified the staff "Tiric" {rF++ rN+ Necro}
 53609 | Vaults:5 | Identified the ring of the Cast Vote {*Corrode rC+ Str+5
                  | Dex+6 SInv}
 53610 | Vaults:5 | Identified the +7 shortbow of the Eggplant {drain, rF++
                  | Str+3 Int-4 Stlth+}
 53630 | Vaults:5 | Got a silver rune of Zot
 53633 | Vaults:5 | Identified the +6 sling "Jaycvu" {flame, rC+ Str+2}
 53661 | Vaults:5 | Identified the +0 plate armour of Tenacity {Harm ^Drain
                  | rElec rN+}
 53963 | Vaults:5 | Identified the staff of Entrepreneurial Spirit {rN++ Will-
                  | Earth}
 54228 | Vaults:5 | Got Hiew's Lessons on Esoterica and Last Rites
 54363 | Vaults:5 | Identified the ring of Gluttony {Ice Str+3}
 54397 | Vaults:5 | Found the +8 pair of quick blades "Gyre" and "Gimble"
                  | {protect}
 54399 | Vaults:5 | Found the +5 scythe "Finisher" {speed, execute}
 54844 | Temple   | Fell from the grace of Okawaru
 54844 | Temple   | Became a worshipper of the Shining One
 55160 | Crypt:1  | Entered Level 1 of the Crypt
 55344 | Crypt:1  | Reached * piety under the Shining One
 55377 | Crypt:1  | Reached skill level 25 in Fighting
 55411 | Crypt:1  | Identified the +3 robe "Rovint" {Will++}
 55411 | Crypt:1  | Noticed Boris
 55414 | Crypt:1  | Reached ** piety under the Shining One
 55431 | Crypt:1  | Killed Boris
 55606 | Crypt:1  | Reached *** piety under the Shining One
 55666 | Crypt:1  | Reached **** piety under the Shining One
 55814 | Crypt:1  | Reached ***** piety under the Shining One
 56843 | Crypt:3  | Entered Level 3 of the Crypt
 56851 | Crypt:3  | Noticed an ancient lich
 56862 | Crypt:3  | Killed an ancient lich
 56863 | Crypt:3  | Found a staircase to the Tomb.
 57231 | Crypt:3  | Identified the +5 flail of Demonic Duty {venom, rF+}
 57518 | Crypt:2  | Found an ancient bone altar of Kikubaaqudgha.
 57589 | Crypt:3  | Reached ****** piety under the Shining One
 57796 | Crypt:3  | Found a basalt altar of Yredelemnul.
 57938 | Crypt:3  | Identified the orb "Cinuyxad" {light, rN+ Str+3}
 57938 | Crypt:3  | Noticed Frederick
 57964 | Crypt:3  | Killed Frederick
 57965 | Crypt:3  | Reached XP level 25. HP: 89/182 MP: 24/31
 58991 | Crypt:3  | Found a basalt altar of Yredelemnul.
 58992 | Crypt:3  | Found an ancient bone altar of Kikubaaqudgha.
 59037 | Crypt:3  | Identified the staff of Hell's Wrath {*Slow rF- rN+ Necro
                  | Fire Air}
 59097 | Crypt:3  | Identified the amulet "Zofrox" {RegenMP ^Fragile Will+
                  | Regen+ Dex+2 Stlth+}
 59097 | Crypt:3  | Identified the ring of the Lobster {rPois rN++}
 59966 | Depths:2 | Voluntarily entered the Abyss.
 59966 | Abyss:1  | Found a corrupted altar of Lugonu.
 60037 | Abyss:2  | Found a corrupted altar of Lugonu.
 60063 | Abyss:3  | Paralysed by accursed screaming for 1 turns
 60253 | Abyss:3  | Found a corrupted altar of Lugonu.
 60270 | Abyss:3  | Reached skill level 26 in Fighting
 60808 | Abyss:3  | Found a corrupted altar of Lugonu.
 61150 | Abyss:3  | Gained mutation: You are weak. (Str -2) [a neqoxec]
 61165 | Abyss:3  | Found a corrupted altar of Lugonu.
 61267 | Abyss:3  | Paralysed by accursed screaming for 1 turns
 61282 | Abyss:3  | Paralysed by accursed screaming for 1 turns
 61293 | Abyss:3  | Paralysed by accursed screaming for 1 turns
 61592 | Abyss:3  | Reached XP level 26. HP: 94/192 MP: 28/33
 61954 | Abyss:4  | Found a corrupted altar of Lugonu.
 62060 | Abyss:4  | Reached skill level 27 in Fighting
 62161 | Abyss:4  | Found a corrupted altar of Lugonu.
 62162 | Abyss:4  | Noticed a dread lich
 62163 | Abyss:4  | Paralysed by a dread lich for 3 turns
 62176 | Abyss:4  | Killed a dread lich
 62299 | Abyss:4  | Reached skill level 15 in Invocations
 62305 | Abyss:4  | Was forgiven by Okawaru
 62429 | Abyss:4  | Paralysed by accursed screaming for 1 turns
 62454 | Abyss:4  | HP: 9/193 [thrashing horror (4)]
 62470 | Abyss:4  | Killed from afar by a daeva

Illustrated notes

Levels and vault maps discovered:
D:1:      amcnicky_arrival_double_pillar, layout_loops_ring
D:2:      layout_basic
D:3:      layout_loops_cross, mainiacjoe_overflow_two_lobes,
          hellmonk_ecumenical_altar_zigzags, gammafunk_ghost_stat_death,
          corexii_shack
D:4:      layout_basic, lemuel_coloured_pillars_altar,
          mainiacjoe_overflow_24_doors, minmay_temple_entry_offerings,
          minmay_starry_boxes, uniq_edmund
D:5:      layout_rooms, kennysheep_nondescript
D:6:      layout_loops_ring, slow_altar_2, nicolae_ru_path_of_blood,
          serial_shops, shop, uniq_sigmund, uniq_jeremiah
D:7:      layout_rooms, general_overflow_altar, mainiacjoe_overflow_alcove_2,
          serial_shops, nicolae_diamond_shop, shop, shop,
          nicolae_shop_tiny_glass, dk_noncrumbling_2
D:8:      layout_cave_pods, serial_shops, kennysheep_little_box
D:9:      layout_loops_corners, bloody_trog
D:10:     layout_loops_ring, mainiacjoe_overflow_six_doors_small, erik_orc_3
D:11:     layout_loops_ring, david_lair_generic,
          nicolae_trove_entry_free_sample, uniq_grum
D:12:     layout_gridville
D:13:     layout_rooms, serial_ice, serial_ice_a, serial_ice_d, serial_ice_c,
          serial_ice_k, portal_ice_cave_entry_pillars_1
D:14:     lemuel_ice_statue, layout_gridville, erik_vaults_2, minmay_checkerbox
D:15:     grunt_enter_depths_snipers, layout_basic, nzn_wu_jian_council_hall,
          minmay_bent
Temple:   minmay_temple_bridge_abc
Lair:1:   layout_big_grid
Lair:2:   layout_regular_city, hellmonk_spider_entry_not_the_bees,
          ebering_ghost_funeral_grove, roderic_carrion_pond
Lair:3:   layout_regular_city, elwin_shoals_entry_rocks, evilmike_ambush
          [evilmike_ambush_outer_corners, evilmike_ambush_inner_basic],
          infiniplex_staircase_pool_2
Lair:4:   layout_misc_corridors, dpeg_slime_entry_enclosed
Shoals:1: layout_shoals, nicolae_shoals_goliath_grotto
Shoals:2: layout_shoals
Shoals:3: layout_shoals, hellmonk_ghost_happy_afterlife,
          nicolae_shoals_the_drawing_of_the_three
Shoals:4: shoals_end_hangedman, layout_shoals, uniq_polyphemus
Spider:1: layout_spider_delve, nicolae_spider_acid_house
Spider:2: layout_spider_delve
Spider:3: layout_cave_pods, guppyfry_hornet_nest, uniq_agnes, uniq_arachne
Spider:4: spider_rune_water, uniq_roxanne
Orc:1:    layout_caves, minmay_orc_temple_c
Orc:2:    st_orc_elflike, layout_diamond_mine
Vaults:1: v_pattern_4, nicolae_vaults_storage_room_water,
          nicolae_vaults_tetromino_T_2, vaults_dpeg_emergency_exit,
          nicolae_vaults_little_ls, nicolae_vaults_tetromino_Z_2,
          nicolae_vaults_tetromino_Z_2, nicolae_vaults_storage_room_doors,
          nicolae_vaults_double_plus_3, vaults_room_corners,
          ontoclasm_vaults_ring_square, layout_vaults_omnicross, serial_shops,
          shop_statue
Vaults:2: vaults_room_hangedman_quadrants, nicolae_vaults_storage_closets_1,
          minmay_crypt_entry_simple_sparse, v_misc_23,
          nicolae_vaults_trapezoid_lopsided_3, nicolae_vaults_sesquioval_fish,
          v_misc_14, nicolae_vaults_offset_grid_hallway_1,
          nicolae_vaults_alarming, nicolae_vaults_border_crossing,
          hangedman_vaults_stitches, ontoclasm_vaults_ligature,
          layout_vaults_ring
Vaults:3: nicolae_vaults_circle_grid_a, grunt_vaults_hallway_short,
          nicolae_vaults_oval_intersection, nicolae_vaults_rhombus_5,
          nicolae_vaults_wrenched, nicolae_vaults_trapezoid_lopsided_3,
          v_misc_17, ontoclasm_vaults_twist, nicolae_vaults_storage_room_glass,
          vaults_dpeg_encased_lava, st_lattice, layout_vaults_big_room,
          serial_shops, nicolae_shop_peninsula, uniq_boris
Vaults:4: ploomutoo_gammafunk_ghost_potion_laboratory,
          nicolae_vaults_shipping_containers_5,
          nicolae_vaults_twisting_passages, nicolae_vaults_closet_pinwheel_2,
          hangedman_vaults_river_flow, v_rooms_1, nicolae_vaults_diamond_1,
          nicolae_vaults_diagonal_hallway_9, vaults_room_door_hall,
          vaults_mumra_hexcomb, nicolae_vaults_trapezoid_lopsided_1, v_misc_17,
          layout_vaults_maze_bifur, serial_shops, shop, uniq_sojobo,
          uniq_margery
Vaults:5
Crypt:1:  layout_catacombs, grunt_megastairs_2
Crypt:2:  layout_chaotic_city, lemuel_upstairs_altar, lemuel_elevator
Crypt:3:  lightli_unholy_cathedral, layout_chaotic_city, basic_altar,
          uniq_frederick
Depths:1: layout_big_octagon, hell_entry, serial_shops, nicolae_shop_peninsula,
          rand_demon_pan_entry_1, serial_library_hellmonk_layered_room,
          hangedman_aviary, serial_bayou_shore_b,
          roderic_lattice_octagonal_star, minmay_shop_grove, grunt_megastairs_1,
          uniq_nikola, uniq_asterion
Depths:2: minmay_shrinking_squares, layout_gridlike, enter_ziggurat_e,
          nicolae_hell_entry_hellmouth_sunbeams, serial_shops, shop,
          serial_bayou_pond_d, abyss_entry, pan_entry, st_stairs_5,
          minivault_15, minmay_staircase_windowed_large
Depths:3: due_jory_tower, layout_cave_shapes, minmay_room_of_horrors,
          nicolae_hepliaklqana_ecumenical_no_more, pf_hell_entry_tar_spiral,
          grunt_decor_mini_mirrors, firewood_loft, uniq_jory
Depths:4: grunt_zot_entry_pinwheel, layout_cave_pools, minmay_misc_feat_x,
          grunt_hell_entry_dis_grunt, grunt_pan_entry_zigzag,
          skrybe_limestone_x, nicolae_lava_and_water, nicolae_uskayaw_en_pointe
Abyss:4:  base: Depths:1, hangedman_abyss_river_spirits,
          hangedman_abyss_or_decor_clamps

Skill      XL: |  1  2  3  4  5  6  7  8  9 10 11 12 13 14 15 16 17 18 19 20 21 22 23 24 25 26 |
---------------+-------------------------------------------------------------------------------+-----
Fighting       | 4 5 6 7 9 11 12 14 15 16 18 19 21 22 24 25 26 27 | 27.0
Maces & Flails | 3 4 5 6 8 9 11 13 15 16 18 19 20 22 23 24 25 26 | 26.3
Invocations    | 5 7 8 10 11 13 15 | 15.5
Armour         | 7 11 14 16 18 19 22 23 | 23.1
Shields        | 7 11 14 16 17 | 17.5
Dodging        | 5 7 |  7.2

Action                     |  1- 3 |  4- 6 |  7- 9 | 10-12 | 13-15 | 16-18 | 19-21 | 22-24 | 25-27 || total
---------------------------+-------+-------+-------+-------+-------+-------+-------+-------+-------++-------
  Melee: Flail             |   185 |   106 |   316 |   461 |       |       |       |       |       ||  1068
         Morningstar       |       |       |       |   125 |   955 |  1699 |  1719 |  2313 |  1382 ||  8193
 Invoke: Heroism           |       |       |     2 |    10 |     2 |    10 |     8 |     6 |       ||    38
         Finesse           |       |       |       |     1 |     1 |     1 |     5 |     6 |       ||    14
         Receive Weapon    |       |       |       |     1 |       |       |       |       |       ||     1
         Receive Armour    |       |       |       |     1 |       |       |       |       |       ||     1
         Cleansing Flame   |       |       |       |       |       |       |       |     5 |    56 ||    61
         Divine Shield     |       |       |       |       |       |       |       |     2 |     4 ||     6
    Use: Scroll            |     7 |     4 |    13 |     8 |     6 |     6 |     1 |    11 |     1 ||    57
         Potion            |       |     1 |     2 |     7 |     2 |     2 |     1 |     7 |     3 ||    25
   Stab: Distracted        |       |       |       |       |       |     1 |       |       |       ||     1
         Confused          |       |       |       |       |       |       |       |     1 |       ||     1
 Armour: Scale mail        |   143 |   101 |   177 |       |       |       |       |       |       ||   421
         Plate armour      |       |       |    94 |   306 |       |       |       |       |       ||   400
         Crystal plate arm |       |       |       |   207 |   806 |  1436 |  1272 |  1766 |  1087 ||  6574
  Dodge: Dodged            |    90 |    56 |   150 |   292 |   339 |   789 |   797 |  1042 |   698 ||  4253
  Block: Buckler           |    40 |    26 |    88 |   136 |   138 |       |       |       |       ||   428
         Kite shield       |       |       |       |       |   359 |  1988 |  1918 |  2250 |  1681 ||  8196

Table legend: (Time is in decaauts)
 A = Elapsed time spent in this place.
 B = Non-inter-level travel time spent in this place.
 C = Inter-level travel time spent in this place.
 D = Time resting spent in this place.
 E = Time spent auto-exploring this place.
 F = Levels seen in this place.
 G = Mean time per level.
                   A        B        C        D        E       F      G
               +--------+--------+--------+--------+--------+-----+--------+
         Total |  60320 |  56905 |   3415 |  15814 |  24721 |  47 | 1283.4 |
       Dungeon |  17626 |  16258 |   1368 |   3802 |   8646 |  15 | 1175.1 |
        Temple |    112 |     39 |     73 |      0 |      0 |   1 |  112.0 |
          Lair |   5212 |   4711 |    501 |   1724 |   2080 |   4 | 1303.0 |
        Shoals |   3811 |   3667 |    144 |    367 |   2218 |   4 |  952.8 |
   Spider Nest |   4916 |   4751 |    165 |   1155 |   1703 |   4 | 1229.0 |
  Orcish Mines |   2273 |   2211 |     62 |    603 |    930 |   2 | 1136.5 |
        Vaults |  11819 |  11259 |    560 |   4532 |   3799 |   5 | 2363.8 |
         Crypt |   4335 |   4191 |    144 |   1585 |   1332 |   3 | 1445.0 |
        Depths |   7405 |   7011 |    394 |   1762 |   3362 |   4 | 1851.2 |
         Abyss |   2204 |   2204 |      0 |     97 |    427 |   4 |  551.0 |
      Ice Cave |    602 |    602 |      0 |    185 |    223 |   1 |  602.0 |
               +--------+--------+--------+--------+--------+-----+--------+

Top non-repeatable levels by time:
Vaults:4: 4034 daAuts
Vaults:5: 2577 daAuts
Vaults:2: 2435 daAuts
Depths:4: 2050 daAuts
 Crypt:3: 2036 daAuts
    D:11: 1901 daAuts
Depths:2: 1869 daAuts
  Lair:2: 1838 daAuts
Depths:3: 1803 daAuts
 Crypt:1: 1741 daAuts
     D:4: 1684 daAuts
Depths:1: 1683 daAuts
Vaults:1: 1614 daAuts
    D:15: 1545 daAuts
 Abyss:3: 1538 daAuts
